 Dungeon Crawl Stone Soup version 0.14-a0-1403-g5d3c58f (webtiles) character file.

216 PolkaDot the Ruinous (level 5, -3/35 HPs)
             Began as a Vampire Conjurer on Dec 10, 2013.
             Killed from afar by an orc wizard (5 damage)
             ... with a magic dart
             ... on Level 3 of the Dungeon.
             The game lasted 00:15:58 (2694 turns).

PolkaDot the Ruinous (Vampire Conjurer)             Turns: 2694, Time: 00:15:58

HP  -3/35        AC  3     Str  7      XL: 5   Next:  0%
MP   1/9         EV 12     Int 18      God:
Gold 79          SH  0     Dex 14      Spells:  2 memorised,  5 levels left

rFire  + . .     SeeInvis +     (no weapon)
rCold  . . .     Clarity  .     a - +1 robe
rNeg   + . .     Conserve .     (no shield)
rPois  .         rCorr    .     g - +0 cap
rElec  .         rRot     .     (no cloak)
SustAb . .       Spirit   .     (no gloves)
rMut   .         Warding  .     (no boots)
Saprov . . .     Stasis   .     (no amulet)
                                (no ring)
                                b - ring of protection from fire

@: slightly resistant to hostile enchantments, stealthy
A: fangs 3, see invisible, unbreathing
a: Bat Form


You were on level 3 of the Dungeon.
You were not thirsty.

You visited 1 branch of the dungeon, and saw 4 of its levels.

You collected 79 gold pieces.

Inventory:

Armour
 a - a +1 robe (worn)
 g - a +0 cap (worn)
Magical devices
 d - a wand of random effects (3)
Jewellery
 b - a ring of protection from fire (left hand)
Potions
 j - 2 potions of restore abilities
Books
 c - a book of Conjurations

   Spells                             Type                      Level
   *Magic Dart                        Conjuration                  1
   *Searing Ray                       Conjuration                  2
   Dazzling Spray                     Conjuration/Hexes            3
   Iskenderun's Mystic Blast          Conjuration                  4
   Iskenderun's Battlesphere          Conjuration/Charms           4
   Fulminant Prism                    Conjuration/Hexes            5


   Skills:
 - Level 2.1 Dodging
 - Level 3.0 Stealth
 - Level 2.0 Spellcasting
 * Level 4.7 Conjurations


You had 5 spell levels left.
You knew the following spells:

 Your Spells              Type           Power        Failure   Level  Hunger
a - Magic Dart            Conj           ###.         2%          1    #......
s - Searing Ray           Conj           ###...       4%          2    ##.....


Dungeon Overview and Level Annotations

Branches:
Dungeon (4/16)
 Temple: D:4-7

Altars:


Innate Abilities, Weirdness & Mutations

You have razor-sharp teeth.*
You have supernaturally acute eyesight.
You can survive without breathing.*


Message History

The ball python bites you but does no damage.
* * * LOW HITPOINT WARNING * * *
The ball python constricts you.
Casting: Searing Ray
Confirm with . or Enter, or press ? or * to list all spells.
Aiming: Searing Ray
Press: ? - help, Shift-Dir - straight line, f/p - ball python
Aim: a ball python (constricting you, moving slowly, slightly transparent)
The searing ray misses the ball python.
The searing ray hits the orc wizard.
The orc wizard is almost dead.
* * * LOW MAGIC WARNING * * *
You escape the ball python's grasp.
The orc throws a steel dart.
The steel dart hits you!
* * * LOW HITPOINT WARNING * * *
You see here a steel dart.
A rat comes into view.
You see here a rotting worker ant corpse.
The orc wizard casts a spell at you. The magic dart hits you!
You die...

...##....o.....#
#...........#
#.#............#
#...........#
...##.#.#......#
#..o........#
#.#.....#o.....#
#.#.#########
..$##.#.#......# #o#.#
#.###.#.#......######.#o#####
.............<........(.....#
#.###...#.#.#########.#.###.#
....)...........@%..oo....#
#.##....#.#.#########.###.#
......#.#.#.# #.# .#
#.###.#.#.#.# #.# #
....#.#.#.#.#########.#
#.#...>.#.#.#........r#
..<##.###.#.#Sg.......#
#.###.# #.#.#.........# .##
#.# #.#.#.........#


You could see an orc wizard and an orc.

Vanquished Creatures
  A worker ant (D:3)
  5 adders
  A worm (D:2)
  A giant eyeball (D:4)
  3 oozes
  3 orcs (D:3)
  5 bats
  2 giant cockroaches
  7 goblins
  10 hobgoblins
  2 jackals (D:3)
  6 kobolds
  A giant newt (D:2)
  6 rats
53 creatures vanquished.

Notes
Turn   | Place    | Note
--------------------------------------------------------------
     0 | D:1      | PolkaDot, the Vampire Conjurer, began the quest for the Orb.
     0 | D:1      | Reached XP level 1. HP: 13/13 MP: 3/3
   463 | D:1      | Reached XP level 2. HP: 19/19 MP: 0/4
   802 | D:2      | Learned a level 2 spell: Searing Ray
  1276 | D:2      | Reached XP level 3. HP: 24/24 MP: 1/6
  1660 | D:2      | Reached skill level 4 in Conjurations
  1937 | D:4      | Paralysed by a giant eyeball for 3 turns
  1949 | D:4      | Paralysed by a giant eyeball for 3 turns
  1960 | D:4      | Paralysed by a giant eyeball for 2 turns
  2006 | D:3      | Reached XP level 4. HP: 6/30 MP: 4/7
  2166 | D:3      | HP: 1/30 [bat (1)]
  2666 | D:3      | Reached XP level 5. HP: 14/35 MP: 1/9
  2685 | D:3      | HP: 1/35 [ball python (1)]
  2694 | D:3      | Killed from afar by an orc wizard

Action                   |  1- 3 |  4- 6 || total
-------------------------+-------+-------++-------
Melee: Unarmed           |    17 |    16 ||    33
 Cast: Magic Dart        |    58 |     9 ||    67
       Searing Ray       |     7 |    12 ||    19
Evoke: Wand              |       |     4 ||     4
  Use: Scroll            |    10 |     5 ||    15
       Potion            |     2 |     1 ||     3
